[Event "ESP-ch U2000 2024"]
[Site "Albacete"]
[Date "2024.08.30"]
[Round "6.5"]
[White "Garcia-Ballesteros Banos, Juan A"]
[Black "Salazar Romero, Abel"]
[Result "0-1"]
[ECO "B13"]
[WhiteElo "1857"]
[BlackElo "1937"]
[Annotator "RC"]
[PlyCount "194"]
[EventDate "2024.08.27"]
[EventType "swiss"]
[EventCountry "ESP"]
[SourceTitle "playchess.com"]
[Source "ChessBase"]
[SourceQuality "1"]
[TimeControl "5400+30"]

1. e4 c6 2. d4 d5 3. exd5 cxd5 4. Bd3 Nc6 5. c3 Nf6 6. h3 g6 7. Nf3 Qc7 8. O-O Bg7 9. Re1 O-O 10. Qc2 Nh5 11. Re2 Nf4 12. Bxf4 Qxf4 13. Qd2 Qf6 14. Qg5 Qxg5 15. Nxg5 e5 16. dxe5 Nxe5 17. Re3 Nxd3 18. Rxd3 Re8 19. Nf3 Be6 20. Nbd2 Rac8 21. Nb3 Rc6 22. Re1 Kf8 23. Nbd4 Rb6 24. Rd2 Bxd4 25. Nxd4 Bd7 26. Rxe8+ Kxe8 27. Kf1 f6 28. f4 Ke7 29. Ke2 h5 30. Kf3 Kf7 31. g4 hxg4+ 32. hxg4 Ra6 33. a3 Rb6 34. b3 a5 35. a4 Rd6 36. Rh2 Kg7 37. g5 Ra6 38. Ke3 Ra8 39. gxf6+ Kxf6 40. Rh7 Re8+ 41. Kf3 Re7 42. Rh1 Re8 43. Rg1 Rc8 44. Rc1 Rh8 45. Ne2 Rh3+ 46. Ng3 Rh2 47. Rb1 Rc2 48. Ne2 Bf5 49. Rc1 Bg4+ 50. Kxg4 Rxe2 51. c4 d4 52. Rd1 Re4 53. Rd3 g5 54. Rf3 b6 55. Kg3 gxf4+ 56. Rxf4+ Ke5 57. Rf8 Re3+ 58. Kf2 Rxb3 59. Ke2 Kd6 60. Rf5 Kc6 61. Rd5 Ra3 62. Rxd4 Rxa4 63. Kd3 Ra3+ 64. Kc2 Kc5 65. Rh4 Rg3 66. Kb2 Rd3 67. Kc2 Rd4 68. Rh8 Kxc4 69. Rb8 b5 70. Kb2 Kb4 71. Kc2 Rh4 72. Rg8 a4 73. Rg3 Rh2+ 74. Kb1 Rh4 75. Ka2 Rd4 76. Rg2 a3 77. Rg3 Rd2+ 78. Ka1 Ka4 79. Rg4+ b4 80. Rf4 Rc2 81. Re4 Kb3 82. Re3+ Rc3 83. Re1 Rh3 84. Rb1+ Kc4 85. Ka2 Rh2+ 86. Ka1 b3 87. Rc1+ Kd3 88. Rd1+ Rd2 89. Rh1 Re2 90. Rd1+ Kc3 91. Rc1+ Rc2 92. Rh1 Kb4 93. Rh4+ Rc4 94. Rh1 a2 95. Kb2 Rc2+ 96. Ka1 Ka3 97. Rh3 Rc1# 0-1

[Event "ESP-ch U2000 2024"]
[Site "Albacete"]
[Date "2024.08.30"]
[Round "6.6"]
[White "Galindo Montoya, Diego"]
[Black "Perez Gonzalez, Daniel"]
[Result "0-1"]
[ECO "A13"]
[WhiteElo "1878"]
[BlackElo "1981"]
[Annotator "RC"]
[PlyCount "42"]
[EventDate "2024.08.27"]
[EventType "swiss"]
[EventCountry "ESP"]
[SourceTitle "playchess.com"]
[Source "ChessBase"]
[SourceQuality "1"]
[TimeControl "5400+30"]

1. c4 e6 2. Nc3 d5 3. e3 Nf6 4. Nf3 c6 5. b3 Bd6 6. g3 O-O 7. d4 Nbd7 8. Bg2 b5 9. c5 Bc7 10. a3 e5 11. dxe5 Nxe5 12. Ne2 Bh3 13. Nf4 Bxg2 14. Nxg2 Ne4 15. Bb2 Qf6 16. Bxe5 Bxe5 17. Rc1 Nc3 18. Rxc3 Bxc3+ 19. Kf1 Rad8 20. Nd4 Bxd4 21. exd4 Rfe8 0-1

[Event "ESP-ch U2000 2024"]
[Site "Albacete"]
[Date "2024.08.30"]
[Round "6.7"]
[White "Lopez Ruiz, Jarein"]
[Black "Marin Lopez, Juan Jose"]
[Result "1-0"]
[ECO "E15"]
[WhiteElo "1970"]
[BlackElo "1895"]
[Annotator "RC"]
[PlyCount "150"]
[EventDate "2024.08.27"]
[EventType "swiss"]
[EventCountry "ESP"]
[SourceTitle "playchess.com"]
[Source "ChessBase"]
[SourceQuality "1"]
[TimeControl "5400+30"]

1. d4 Nf6 2. c4 e6 3. Nf3 b6 4. g3 Ba6 5. Qc2 c5 6. Bg2 Bb7 7. O-O cxd4 8. Nxd4 Bxg2 9. Kxg2 Be7 10. Rd1 O-O 11. e4 Qc7 12. Qe2 d6 13. b3 Qb7 14. Nc3 Rd8 15. f3 a6 16. Ba3 Nbd7 17. Rd2 Bf8 18. Rad1 Qc7 19. Nc2 Nc5 20. Bb2 Rd7 21. g4 Rad8 22. Ne3 Qc6 23. Kg1 Qc7 24. Qf2 Rb8 25. Qh4 Qd8 26. g5 Ne8 27. Qg3 g6 28. b4 Nb7 29. e5 Ng7 30. Ne4 Nh5 31. Qh4 d5 32. a3 a5 33. cxd5 axb4 34. d6 bxa3 35. Bxa3 Ra8 36. Rd3 Ra5 37. Nc4 Rb5 38. f4 Na5 39. Nxa5 Rxa5 40. Nf6+ Nxf6 41. gxf6 Qa8 42. Rh3 h6 43. Bc1 Ra2 44. Qg3 Qa5 45. Qc3 Qa8 46. Rg3 b5 47. Qb3 Qa7+ 48. Be3 Qa6 49. f5 exf5 50. Rxg6+ Kh7 51. Rg3 Ra1 52. Kg2 Rxd1 53. Qxd1 Qa2+ 54. Bf2 Qe6 55. Qd4 b4 56. Rd3 b3 57. Qd5 Qxd5+ 58. Rxd5 b2 59. Rb5 Bxd6 60. exd6 Rxd6 61. Rxb2 Rxf6 62. Rb5 Kg6 63. Rb8 Rc6 64. Rg8+ Kh7 65. Rg3 Rc4 66. Kf3 Ra4 67. Be3 Rh4 68. Rg2 h5 69. Bg1 Ra4 70. Rg5 Rg4 71. Rxg4 hxg4+ 72. Kf4 Kg6 73. Bf2 Kf6 74. Bh4+ Kg6 75. Bg5 f6 1-0

[Event "ESP-ch U2000 2024"]
[Site "Albacete"]
[Date "2024.08.30"]
[Round "6.8"]
[White "Burriel Ureta, Raul"]
[Black "Alcaraz Soriano, Angela"]
[Result "1/2-1/2"]
[ECO "B13"]
[WhiteElo "1868"]
[BlackElo "1952"]
[Annotator "RC"]
[PlyCount "104"]
[EventDate "2024.08.27"]
[EventType "swiss"]
[EventCountry "ESP"]
[SourceTitle "playchess.com"]
[Source "ChessBase"]
[SourceQuality "1"]
[TimeControl "5400+30"]

1. e4 c6 2. d4 d5 3. exd5 cxd5 4. c3 Nc6 5. Bf4 Nf6 6. Nf3 Bg4 7. Qb3 Qc8 8. Nbd2 e6 9. Be2 Be7 10. h3 Bh5 11. g4 Bg6 12. Nh4 Nd7 13. Nxg6 hxg6 14. Nf3 Na5 15. Qa4 Nc4 16. Bxc4 Qxc4 17. Qxc4 dxc4 18. Nd2 Nb6 19. a4 a5 20. Ke2 Rc8 21. h4 Rxh4 22. Rxh4 Bxh4 23. Rh1 g5 24. Bd6 Nxa4 25. Ba3 b5 26. Ne4 Kd7 27. f4 f5 28. gxf5 exf5 29. Nxg5 Bxg5 30. fxg5 Rb8 31. Ra1 Ke6 32. Kf3 Kd5 33. Kf4 g6 34. Kf3 Re8 35. Rh1 Rb8 36. Ra1 Rb6 37. Be7 Re6 38. Bd8 Ra6 39. Be7 Nxb2 40. Rb1 Ke6 41. Ba3 Na4 42. Rxb5 Nxc3 43. Re5+ Kd7 44. d5 Ne4 45. Re7+ Kd8 46. Kf4 c3 47. Rg7 c2 48. Rg8+ Kd7 49. Rg7+ Kc8 50. Rg8+ Kd7 51. Rg7+ Kc8 52. Kf3 Rb6 1/2-1/2

[Event "ESP-ch U2000 2024"]
[Site "Albacete"]
[Date "2024.08.30"]
[Round "6.9"]
[White "Murillo Lopez, Francisco"]
[Black "Reig Albero, Ferran"]
[Result "1/2-1/2"]
[ECO "B07"]
[WhiteElo "1925"]
[BlackElo "1969"]
[Annotator "RC"]
[PlyCount "60"]
[EventDate "2024.08.27"]
[EventType "swiss"]
[EventCountry "ESP"]
[SourceTitle "playchess.com"]
[Source "ChessBase"]
[SourceQuality "1"]
[TimeControl "5400+30"]

1. e4 d6 2. d4 Nf6 3. Nc3 g6 4. f3 c6 5. Be3 Nbd7 6. Qd2 b5 7. O-O-O Nb6 8. e5 Nfd5 9. Nxd5 Nxd5 10. Bh6 Bxh6 11. Qxh6 Qa5 12. Kb1 Be6 13. Ne2 O-O-O 14. exd6 exd6 15. Qd2 Qxd2 16. Rxd2 Rhe8 17. Ng3 f5 18. Bd3 Nf4 19. a3 Bd5 20. Rc1 Re7 21. Bf1 Rde8 22. c4 bxc4 23. Bxc4 Re1 24. Bxd5 Nxd5 25. Rdc2 Rxc1+ 26. Kxc1 Kb7 27. Re2 Rxe2 28. Nxe2 Kb6 29. Kd2 Kb5 30. b3 a5 1/2-1/2

[Event "ESP-ch U2000 2024"]
[Site "Albacete"]
[Date "2024.08.31"]
[Round "7.1"]
[White "Tarraga Navarro, Pablo"]
[Black "Sala Esquiva, Miguel"]
[Result "1-0"]
[ECO "B26"]
[WhiteElo "1968"]
[BlackElo "1967"]
[Annotator "NA RC"]
[PlyCount "73"]
[EventDate "2024.08.27"]
[EventType "swiss"]
[EventCountry "ESP"]
[SourceTitle "playchess.com"]
[Source "ChessBase"]
[SourceQuality "1"]
[TimeControl "5400+30"]

1. e4 c5 2. Nc3 Nc6 3. g3 g6 4. Bg2 Bg7 5. d3 d6 6. Nge2 e5 7. Nd5 h6 8. O-O Bg4 9. Ne3 Bxe2 10. Qxe2 Nd4 11. Qd1 Ne7 12. f4 Qd7 13. c3 exf4 14. gxf4 Ndc6 15. f5 gxf5 16. Bh3 Bf6 17. Nxf5 Nxf5 18. Rxf5 Qe7 19. Rh5 Rg8+ 20. Kh1 Bg5 21. Bxg5 hxg5 22. Bf5 Kd8 23. Rh7 Kc7 24. Qb3 Raf8 25. Rf1 Nd8 26. d4 Rh8 27. Rxh8 Rxh8 28. Qd5 Ne6 29. dxc5 dxc5 30. Qe5+ Qd6 31. Qxh8 Nf4 32. Bg4 Qd3 33. Qe5+ Kb6 34. Rd1 Qc2 35. Rd6+ Kb5 36. Bd7+ Kc4 37. b3+ 1-0

[Event "ESP-ch U2000 2024"]
[Site "Albacete"]
[Date "2024.08.31"]
[Round "7.4"]
[White "Perez Gonzalez, Daniel"]
[Black "Hurtado Oldridge, Felipe"]
[Result "1-0"]
[ECO "B30"]
[WhiteElo "1981"]
[BlackElo "1873"]
[Annotator "NA RC"]
[PlyCount "99"]
[EventDate "2024.08.27"]
[EventType "swiss"]
[EventCountry "ESP"]
[SourceTitle "playchess.com"]
[Source "ChessBase"]
[SourceQuality "1"]
[TimeControl "5400+30"]

1. e4 c5 2. Nf3 Nc6 3. Bb5 e6 4. Bxc6 bxc6 5. O-O d5 6. d3 Ba6 7. Re1 dxe4 8. dxe4 Qxd1 9. Rxd1 Nf6 10. Nc3 Rb8 11. Ne5 Rc8 12. Be3 Rc7 13. Rd2 Be7 14. Rad1 c4 15. Bc5 O-O 16. Bxe7 Rxe7 17. Nd7 Rfe8 18. f3 e5 19. Nxf6+ gxf6 20. Rd6 Re6 21. Rd7 R6e7 22. R1d6 Rxd7 23. Rxd7 Bc8 24. Rxa7 Be6 25. Kf2 Rb8 26. Na4 c3 27. b3 Rd8 28. Nxc3 Rd2+ 29. Kg3 Rxc2 30. Nd1 Re2 31. Nf2 f5 32. exf5 Bxf5 33. b4 Bb1 34. a4 f5 35. Nd1 Rd2 36. b5 f4+ 37. Kh4 cxb5 38. axb5 Rxg2 39. b6 Rxh2+ 40. Kg4 Rg2+ 41. Kh3 Rg3+ 42. Kh4 Rxf3 43. b7 Rb3 44. Ra8+ Kg7 45. b8=Q Rxb8 46. Rxb8 Bf5 47. Kg5 Bc2 48. Rb7+ Kf8 49. Nf2 h6+ 50. Kf6 1-0

[Event "ESP-ch U2000 2024"]
[Site "Albacete"]
[Date "2024.08.31"]
[Round "7.5"]
[White "Zubizarreta Landera, Denis"]
[Black "Sierra Pena, Mario"]
[Result "0-1"]
[ECO "E34"]
[WhiteElo "1919"]
[BlackElo "1971"]
[Annotator "NA RC"]
[PlyCount "134"]
[EventDate "2024.08.27"]
[EventType "swiss"]
[EventCountry "ESP"]
[SourceTitle "playchess.com"]
[Source "ChessBase"]
[SourceQuality "1"]
[TimeControl "5400+30"]

1. d4 Nf6 2. c4 e6 3. Nc3 Bb4 4. Qc2 d5 5. cxd5 Bxc3+ 6. Qxc3 Nxd5 7. Qc2 Nf6 8. Nf3 Nc6 9. e3 O-O 10. Bd2 Qd6 11. Bc3 Nb4 12. Qb3 Nbd5 13. Bd3 Qb6 14. Qxb6 axb6 15. Bd2 Bd7 16. Ne5 Bc6 17. Ke2 Ne7 18. f3 Bd5 19. Rhc1 Rfc8 20. a3 Nc6 21. Nxc6 Bxc6 22. g4 Be8 23. g5 Nd7 24. Rc3 e5 25. d5 Nc5 26. Bf5 Rd8 27. b4 Na6 28. Be4 Bb5+ 29. Ke1 Rd6 30. Rcc1 Rad8 31. Bc3 Re8 32. h4 Ba4 33. Ra2 Nb8 34. Rb2 Bb5 35. Ra1 Nd7 36. a4 Ra8 37. Rba2 Bc4 38. Rd2 Bb3 39. b5 f6 40. Bf5 Nc5 41. Bb4 Rxd5 42. Rxd5 Bxd5 43. Bxc5 bxc5 44. a5 Bc4 45. Rc1 Bxb5 46. Rxc5 c6 47. Be6+ Kf8 48. gxf6 gxf6 49. f4 exf4 50. exf4 Rxa5 51. Rh5 Kg7 52. Bf5 h6 53. Bc8 b6 54. Rf5 Ra1+ 55. Kd2 Ra2+ 56. Ke3 Ra3+ 57. Kd2 Bd3 58. h5 Bxf5 59. Bxf5 Kf7 60. Kc2 Ke7 61. Kb2 Rg3 62. Be4 Kd6 63. Bh7 Rf3 64. f5 Ke5 65. Bg6 Rxf5 66. Bxf5 Kxf5 67. Kc3 Ke5 0-1

[Event "ESP-ch U2000 2024"]
[Site "Albacete"]
[Date "2024.08.31"]
[Round "7.6"]
[White "Reig Albero, Ferran"]
[Black "Duller Llopis, Jouke"]
[Result "1/2-1/2"]
[ECO "D55"]
[WhiteElo "1969"]
[BlackElo "1928"]
[Annotator "NA RC"]
[PlyCount "82"]
[EventDate "2024.08.27"]
[EventType "swiss"]
[EventCountry "ESP"]
[SourceTitle "playchess.com"]
[Source "ChessBase"]
[SourceQuality "1"]
[TimeControl "5400+30"]

1. d4 d5 2. c4 e6 3. Nc3 Nf6 4. Bg5 Be7 5. Nf3 O-O 6. e3 b6 7. cxd5 exd5 8. Rc1 Bb7 9. Bd3 Nbd7 10. O-O c5 11. Qe2 Ne4 12. Bxe7 Qxe7 13. Rfd1 Rac8 14. dxc5 Nxc3 15. Rxc3 bxc5 16. Rdc1 Rc6 17. Bb5 Re6 18. Bxd7 Qxd7 19. Rxc5 d4 20. Rc7 Qd5 21. Rd1 Ba6 22. Rxd4 Qxd4 23. Nxd4 Bxe2 24. Nxe2 Ra6 25. Nc3 Rd8 26. Kf1 g6 27. Ke2 Rad6 28. Rxa7 Rd2+ 29. Kf3 Rxb2 30. Ne4 Rbb8 31. Rc7 Ra8 32. Rc2 Ra3 33. g4 Rda8 34. g5 Rxa2 35. Rxa2 Rxa2 36. Nf6+ Kg7 37. h4 h5 38. Kg3 Kf8 39. Nd7+ Ke7 40. Ne5 Re2 41. Nc6+ Kd7 1/2-1/2

[Event "ESP-ch U2000 2024"]
[Site "Albacete"]
[Date "2024.08.31"]
[Round "7.8"]
[White "Santos Dominguez, Iker"]
[Black "Perez Hernandez, Juan S."]
[Result "0-1"]
[ECO "B01"]
[WhiteElo "1900"]
[BlackElo "1955"]
[Annotator "TA"]
[PlyCount "50"]
[EventDate "2024.08.27"]
[EventType "swiss"]
[EventCountry "ESP"]
[SourceTitle "playchess.com"]
[Source "ChessBase"]
[SourceQuality "1"]
[TimeControl "5400+30"]

1. e4 d5 2. exd5 Qxd5 3. Nf3 Nf6 4. d4 Bf5 5. Be2 c6 6. O-O Nbd7 7. c4 Qa5 8. Nc3 {White is better.} e6 9. Bf4 Be7 10. a3 O-O 11. b4 Qd8 12. h3 h6 13. Bd3 Bxd3 14. Qxd3 Nb6 15. Rfd1 a5 16. b5 c5 17. d5 exd5 (17... Bd6 $5 18. Be5 Bxe5 19. Nxe5 Qd6 $11) 18. cxd5 {[%emt 0:01:25] [#] Threatens to win with d6.} Bd6 19. Be3 (19. Bxd6 $11 Qxd6 20. Nh4) 19... Re8 $15 20. Rac1 Rc8 21. Qf5 (21. a4 $15) 21... Nc4 $17 22. Re1 b6 (22... Nxe3 $17 23. fxe3 (23. Rxe3 $2 {too greedy.} Rxe3 24. fxe3 g6 $19) 23... c4) 23. a4 Rc7 {[%emt 0:02:46] Strongly threatening ...Rce7.} 24. Qd3 {[%emt 0:03:40] [#]} ({White should try} 24. Bf4 $15) 24... Ne5 $1 {[%emt 0:01:47] Black is more active.} 25. Bf4 $2 Nxd3 {Weighted Error Value: White=0.61/Black=0.16 (very precise) .  Loses game:     	White=1     	---        Mistake:       	White=3     	Black=1      Inaccurate:     	White=6     	Black=2      OK:         	White=1     	Black=7      Best:        	---       	Black=4      Strong:       	---       	Black=1} 0-1

[Event "ESP-ch U2000 2024"]
[Site "Albacete"]
[Date "2024.08.31"]
[Round "7.9"]
[White "Izuzquiza Gonzalez, Javier"]
[Black "Murillo Lopez, Francisco"]
[Result "1/2-1/2"]
[ECO "D79"]
[WhiteElo "2002"]
[BlackElo "1925"]
[Annotator "NA RC"]
[PlyCount "67"]
[EventDate "2024.08.27"]
[EventType "swiss"]
[EventCountry "ESP"]
[SourceTitle "playchess.com"]
[Source "ChessBase"]
[SourceQuality "1"]
[TimeControl "5400+30"]

1. g3 Nf6 2. Bg2 g6 3. d4 d5 4. Nf3 Bg7 5. O-O O-O 6. c4 c6 7. cxd5 cxd5 8. Nc3 Nc6 9. Ne5 Qb6 10. Na4 Qd8 11. Nxc6 bxc6 12. Bf4 Nh5 13. Be3 e5 14. Rc1 Bd7 15. dxe5 Bxe5 16. Bd4 Re8 17. Re1 Qf6 18. e3 Bxd4 19. Qxd4 Qxd4 20. exd4 Rxe1+ 21. Rxe1 Re8 22. Kf1 Rxe1+ 23. Kxe1 Kf8 24. Kd2 Ke7 25. Nc5 Ng7 26. Kc3 Bc8 27. Bf1 Kd6 28. Bd3 Ne8 29. Kb4 Nc7 30. Kc3 Ne8 31. Kb4 Nc7 32. Kc3 Ne8 33. b4 Kc7 34. Be2 1/2-1/2

[Event "ESP-ch U2000 2024"]
[Site "Albacete"]
[Date "2024.08.31"]
[Round "8.1"]
[White "Salazar Romero, Abel"]
[Black "Tarraga Navarro, Pablo"]
[Result "1/2-1/2"]
[ECO "E01"]
[WhiteElo "1937"]
[BlackElo "1968"]
[Annotator "NA RC"]
[PlyCount "66"]
[EventDate "2024.08.27"]
[EventType "swiss"]
[EventCountry "ESP"]
[SourceTitle "playchess.com"]
[Source "ChessBase"]
[SourceQuality "1"]
[TimeControl "5400+30"]

1. d4 Nf6 2. c4 e6 3. g3 d5 4. Bg2 Bb4+ 5. Bd2 Be7 6. Nf3 O-O 7. O-O c6 8. b3 b6 9. Qc2 a5 10. Rd1 Nbd7 11. Bc3 Bb7 12. Nbd2 Qc7 13. Rac1 Rac8 14. e4 dxe4 15. Nxe4 Nxe4 16. Qxe4 c5 17. Qe2 cxd4 18. Nxd4 Bxg2 19. Kxg2 Bf6 20. Nb5 Qb7+ 21. f3 Rcd8 22. Bxf6 Nxf6 23. Rc3 Rxd1 24. Qxd1 e5 25. Rd3 h6 26. Rd8 Qe7 27. Rxf8+ Kxf8 28. Qd6 Qxd6 29. Nxd6 Nd7 30. Kf2 Ke7 31. Nf5+ Kf6 32. Ne3 Ke6 33. Ke2 g6 1/2-1/2

[Event "ESP-ch U2000 2024"]
[Site "Albacete"]
[Date "2024.08.31"]
[Round "8.2"]
[White "Perez Travieso, Saul"]
[Black "Sanjuan Garcia, Miguel"]
[Result "1-0"]
[ECO "A04"]
[WhiteElo "1933"]
[BlackElo "1963"]
[Annotator "TA"]
[PlyCount "79"]
[EventDate "2024.08.27"]
[EventType "swiss"]
[EventCountry "ESP"]
[SourceTitle "playchess.com"]
[Source "ChessBase"]
[SourceQuality "1"]
[TimeControl "5400+30"]

1. Nf3 g6 2. g3 Bg7 3. Bg2 e5 4. d3 c5 5. c4 Nc6 6. Nc3 Nge7 7. O-O O-O 8. Ne1 d6 9. Nc2 Rb8 10. Ne3 Kh8 11. Ned5 Nxd5 12. Nxd5 {[%emt 0:03:10] The position is equal.} Ne7 13. Qa4 a6 14. b4 Nxd5 15. cxd5 {[%emt 0:09:03] [#]} (15. Bxd5 $11 {should be considered.} b5 16. cxb5) 15... e4 $1 $15 {[%emt 0:05:26] ...Bd7 is the strong threat.} 16. Rb1 exd3 17. exd3 (17. bxc5 dxe2 18. Re1 dxc5) 17... Bd7 18. Qa3 Bb5 ({Better is} 18... b6 $11) 19. bxc5 $14 dxc5 20. Bf4 (20. Qxc5 Bxd3 21. Ba3 Bxf1 22. Rxf1 Qd7 $11) 20... Rc8 21. Rfe1 Re8 22. h4 Bd4 23. d6 Bc6 (23... Qd7 $1 $11 {and Black stays safe.}) 24. Bxc6 $18 Rxc6 $2 (24... bxc6 25. Qxa6 Kg8) 25. Qb3 Rxe1+ 26. Rxe1 Rxd6 27. Bxd6 $2 (27. Qxf7 {[%cal Of4h6] White wants to mate with Bh6!} Rf6 28. Re8+ (28. Qxb7 Rf8 $18) 28... Qxe8 29. Qxe8+ Kg7 30. Qd7+ Rf7 31. Bh6+ Kxh6 32. Qxf7) 27... Qxd6 {[%emt 0:00:01][%mdl 4096] Endgame. KQR-KQB} 28. Kg2 (28. Qxf7 $18 {Intending Re8+ and mate.} Qxg3+ 29. Kf1 Qh3+ 30. Ke2) 28... Qf6 {[%emt 0:02:12] [#]} (28... Qc6+ $11 29. Re4 Kg7) 29. Re2 (29. Qxb7 $2 {is the wrong capture.} Qxf2+ 30. Kh3 Qxe1 $19) (29. f3 $1 $16 b5 30. Re8+ Kg7 31. Qd5) 29... b5 (29... Qc6+ $14 30. Re4 Kg7) 30. Qd5 $16 h5 (30... Kg7 $16 {might work better.}) 31. Re8+ (31. Qf3 $18) 31... Kg7 32. f3 b4 {[%emt 0:04:29] [#]} 33. Qg5 $2 ({White should play} 33. Ra8 $1 $18) 33... Qc6 $11 34. Qe7 {[%emt 0:06:24] And now Qf8+ would win. Chess con chili.} Qd5 35. Qf8+ Kf6 $2 (35... Kh7 $11 {and Black is okay.}) 36. Re2 $40 {[%emt 0:04:48][%mdl 128] White has strong attack.} (36. Qh8+ $142 Kf5 37. Qh6) 36... Qc6 $2 (36... Be5 $18 37. Qh8+ Kf5 38. Qc8+ Kf6) 37. Qh8+ Kf5 38. Qd8 {[%emt 0:00:13][%csl Gh4][%cal Rd8g5] White mates.} Bf6 39. Qb8 g5 40. Qg8 {[%emt 0:01:09] Weighted Error Value: White=0.52/Black=0.83.  Loses game:     	---       	Black=2      Missed win:     	White=1     	---        Mistake:       	White=4     	Black=6      Inaccurate:     	White=1     	Black=3      OK:         	White=8     	Black=7      Best:        	White=4     	Black=1} 1-0

[Event "ESP-ch U2000 2024"]
[Site "Albacete"]
[Date "2024.08.31"]
[Round "8.3"]
[White "Perez Gonzalez, Daniel"]
[Black "Machin Arbelo, Pedro Alexis"]
[Result "1/2-1/2"]
[ECO "B40"]
[WhiteElo "1981"]
[BlackElo "1916"]
[Annotator "NA RC"]
[PlyCount "173"]
[EventDate "2024.08.27"]
[EventType "swiss"]
[EventCountry "ESP"]
[SourceTitle "playchess.com"]
[Source "ChessBase"]
[SourceQuality "1"]
[TimeControl "5400+30"]

1. e4 c5 2. Nf3 e6 3. d4 cxd4 4. Nxd4 Nf6 5. Nc3 Nc6 6. Nxc6 bxc6 7. Bd3 d5 8. O-O Bb4 9. e5 Nd7 10. Qg4 Bf8 11. f4 Ba6 12. Bxa6 Qb6+ 13. Kh1 Qxa6 14. Bd2 g6 15. Rae1 Rb8 16. b3 Rb4 17. Qf3 h5 18. Na4 Rb8 19. Be3 c5 20. Rd1 Be7 21. Rg1 Kf8 22. Bf2 Rc8 23. c4 d4 24. Nc3 Qc6 25. Ne4 a5 26. Rge1 Kg7 27. Qh3 Rce8 28. Bh4 f5 29. exf6+ Bxf6 30. Nxf6 Nxf6 31. Bxf6+ Kxf6 32. Re5 Rhf8 33. Rde1 Kg7 34. Qg3 Rf6 35. Rxh5 Rf5 36. Rg5 Rf6 37. h4 Rh8 38. h5 Kf7 39. Qg4 Rxh5+ 40. Rxh5 gxh5 41. Qxh5+ Rg6 42. Re2 d3 43. f5 dxe2 44. fxg6+ Kf6 45. Qxe2 Kxg6 46. Qd3+ Kg5 47. Qd2+ Kf6 48. Qxa5 Qe4 49. Qc3+ Ke7 50. a4 Qb1+ 51. Kh2 Qh7+ 52. Qh3 Qe4 53. Qf3 Qh4+ 54. Kg1 Qe1+ 55. Kh2 Qh4+ 56. Qh3 Qf4+ 57. g3 Qd2+ 58. Qg2 Qh6+ 59. Kg1 Qc1+ 60. Kh2 Qh6+ 61. Kg1 Qc1+ 62. Qf1 Qc3 63. Qf2 Kd6 64. Qf8+ Kd7 65. Qf7+ Kd6 66. Qf4+ Kd7 67. Qf7+ Kd6 68. Qf8+ Kd7 69. Qxc5 Qxg3+ 70. Kf1 Qf3+ 71. Ke1 Qc3+ 72. Kf2 Qc2+ 73. Kg1 Qd1+ 74. Kg2 Qc2+ 75. Qf2 Qxb3 76. Qd4+ Ke8 77. c5 Ke7 78. Kf2 Qc2+ 79. Ke3 Qc1+ 80. Kd3 Qd1+ 81. Kc3 Qa1+ 82. Kd3 Qd1+ 83. Ke4 Qg4+ 84. Ke3 Qg1+ 85. Kd3 Qd1+ 86. Kc3 Qa1+ 87. Kd3 1/2-1/2

[Event "ESP-ch U2000 2024"]
[Site "Albacete"]
[Date "2024.08.31"]
[Round "8.4"]
[White "Perez Hernandez, Juan S."]
[Black "Sierra Pena, Mario"]
[Result "0-1"]
[ECO "A48"]
[WhiteElo "1955"]
[BlackElo "1971"]
[Annotator "NA RC"]
[PlyCount "98"]
[EventDate "2024.08.27"]
[EventType "swiss"]
[EventCountry "ESP"]
[SourceTitle "playchess.com"]
[Source "ChessBase"]
[SourceQuality "1"]
[TimeControl "5400+30"]

1. d4 Nf6 2. Bf4 g6 3. Nf3 b6 4. e3 Bb7 5. Nbd2 d6 6. h3 Bg7 7. Be2 O-O 8. O-O Nbd7 9. c3 Ne4 10. Nxe4 Bxe4 11. Nd2 Bb7 12. Bf3 Bxf3 13. Nxf3 e5 14. dxe5 dxe5 15. Bg3 Qe7 16. Qc2 Rad8 17. Rfd1 Nc5 18. b4 Nb7 19. Rab1 c5 20. a3 b5 21. Rxd8 Rxd8 22. Rd1 Rxd1+ 23. Qxd1 e4 24. Nd2 Bxc3 25. Qc2 Bxd2 26. Qxd2 c4 27. Qd5 a6 28. Bf4 Kg7 29. Qc6 Nd8 30. Qxa6 Ne6 31. Be5+ f6 32. Qxb5 fxe5 33. Qxc4 Ng5 34. a4 Qd6 35. a5 Qd2 36. h4 Qe1+ 37. Qf1 Qxf1+ 38. Kxf1 Ne6 39. b5 Nc7 40. b6 Na6 41. Ke2 Kf6 42. Kd2 Ke6 43. Kc3 Kd5 44. f4 exf4 45. exf4 h5 46. Kd2 Kd4 47. g4 hxg4 48. f5 gxf5 49. h5 Ke5 0-1

[Event "ESP-ch U2000 2024"]
[Site "Albacete"]
[Date "2024.08.31"]
[Round "8.5"]
[White "Penarrubia Blasco, Jose Alfredo"]
[Black "Reig Albero, Ferran"]
[Result "1-0"]
[ECO "B08"]
[WhiteElo "1891"]
[BlackElo "1969"]
[Annotator "NA RC"]
[PlyCount "87"]
[EventDate "2024.08.27"]
[EventType "swiss"]
[EventCountry "ESP"]
[SourceTitle "playchess.com"]
[Source "ChessBase"]
[SourceQuality "1"]
[TimeControl "5400+30"]

1. e4 Nf6 2. Nc3 d6 3. d4 g6 4. Nf3 Bg7 5. Bg5 c6 6. h3 O-O 7. Bc4 b5 8. Bd3 Bb7 9. O-O a6 10. Re1 c5 11. d5 Nbd7 12. Bf1 Re8 13. a3 e6 14. e5 dxe5 15. Nxe5 exd5 16. Ng4 Rxe1 17. Qxe1 Qe8 18. Qd2 Nxg4 19. hxg4 Nf6 20. Re1 Qd7 21. Qf4 Re8 22. Re2 Ne4 23. Nxe4 dxe4 24. Rd2 Qc8 25. c3 Be5 26. Qe3 Qxg4 27. Be2 Qc8 28. c4 Bd4 29. Rxd4 cxd4 30. Qxd4 Qf5 31. Bf6 Bc6 32. Bh8 f6 33. Bxf6 Qd7 34. Qc3 Qf7 35. Bh8 h5 36. cxb5 Bxb5 37. Bd1 Kh7 38. Bb3 Qf8 39. Be5 Rc8 40. Qe3 Qf5 41. Bc3 Rd8 42. Qb6 Qd7 43. Qf6 Re8 44. Bf7 1-0

[Event "ESP-ch U2000 2024"]
[Site "Albacete"]
[Date "2024.08.31"]
[Round "8.6"]
[White "Sala Esquiva, Miguel"]
[Black "Campos Saez, Sergio"]
[Result "1/2-1/2"]
[ECO "A18"]
[WhiteElo "1967"]
[BlackElo "1923"]
[Annotator "NA RC"]
[PlyCount "84"]
[EventDate "2024.08.27"]
[EventType "swiss"]
[EventCountry "ESP"]
[SourceTitle "playchess.com"]
[Source "ChessBase"]
[SourceQuality "1"]
[TimeControl "5400+30"]

1. c4 Nf6 2. Nc3 e6 3. e4 d5 4. cxd5 exd5 5. e5 d4 6. exf6 dxc3 7. Qe2+ Be6 8. dxc3 gxf6 9. g3 Bd6 10. Qb5+ Nd7 11. Qxb7 O-O 12. b3 Rb8 13. Qg2 Be5 14. Bd2 Re8 15. Be2 Bf5 16. Nf3 Bd6 17. Nd4 Bd3 18. Be3 Bxe2 19. Kxe2 Rb6 20. Rhd1 Bc5 21. Kf1 Bxd4 22. Bxd4 Ra6 23. Qb7 Rae6 24. Qxa7 Qc8 25. Qa4 Qb7 26. Kg1 c5 27. Be3 Ne5 28. Qf4 Nf3+ 29. Kf1 Nxh2+ 30. Ke2 Re4 31. Qxf6 Ng4 32. Qg5+ Kh8 33. Rd8 Nxe3 34. Qf6+ Kg8 35. Rxe8+ Rxe8 36. fxe3 Qg2+ 37. Qf2 Qe4 38. Rc1 Rd8 39. Ke1 Rd3 40. Ke2 Rd8 41. Ke1 Rd3 42. Ke2 Rd8 1/2-1/2